 Dungeon Crawl Stone Soup version 0.31.0-11-ge490571c62 (webtiles) character file.

Game seed: 13192022991556181634

299 Maffolandro the Shooter (level 6, -6/48 HPs)
             Began as a Human Wanderer on Jan 27, 2024.
             Was a Follower of Yredelemnul.
             Mangled by a wyvern (10 damage)
             ... on level 4 of the Dungeon.
             The game lasted 00:06:24 (2386 turns).

Maffolandro the Shooter (Human Wanderer)            Turns: 2386, Time: 00:06:24

Health: -6/48      AC:  9    Str: 21    XL:     6   Next: 36%
Magic:  6/6        EV:  8    Int: 11    God:    Yredelemnul [*.....]
Gold:   177        SH:  0    Dex: 16    Spells: 5/5 levels left

rFire   . . .        b - +5 whip "Cizxaret" {freeze, *Noise rElec rPois Int+3}
rCold   . . .        (no shield)
rNeg    . . .        s - +0 chain mail
rPois   +            (no helmet)
rElec   +            (no cloak)
rCorr   .            (no gloves)
SInv    .            (no boots)
Will    .....        (no amulet) Stlth
                     j - +6 ring of strength
HPRegen 0.28/turn    (no ring)
MPRegen 0.10/turn

%: no passive effects
@: no status effects
A: explore regen
a: Renounce Religion, Recall Undead Harvest


You were on level 4 of the Dungeon.
You worshipped Yredelemnul.
Yredelemnul was noncommittal.
You visited 1 branch of the dungeon, and saw 4 of its levels.

You collected 177 gold pieces.

Inventory:

Hand Weapons
 a - a +0 sling
 b - the +5 whip "Cizxaret" (weapon) {freeze, *Noise rElec rPois Int+3}
   (You found it on level 3 of the Dungeon)

   Int+3:     It affects your intelligence (+3).
   rElec:     It insulates you from electricity.
   rPois:     It protects you from poison *Noise: It may make a loud noise when
   swung.
 z - a +3 dagger of venom
Missiles
 g - 2 atropa-tipped darts
Armour
 m - a +0 scale mail
 r - a +0 plate armour
 s - a +0 chain mail (worn)
Jewellery
 j - a +6 ring of strength (left hand)
Wands
 v - a wand of roots (8)
 y - a wand of charming (8)
Scrolls
 d - 2 scrolls of blinking
 e - 3 scrolls of fog {unknown}
 h - a scroll of acquirement {unknown}
 n - a scroll of vulnerability {unknown}
 o - a scroll of teleportation {unknown}
 q - 2 scrolls of identify {unknown}
 t - 2 scrolls of poison {unknown}
 x - a scroll of immolation {unknown}
Potions
 c - 2 potions of lignification
 f - a potion of enlightenment {unknown}
 i - 4 potions of curing {unknown}
 k - a potion of cancellation {unknown}
 l - a potion of ambrosia {unknown}
 p - a potion of heal wounds {unknown}
 u - 2 potions of brilliance {unknown}
 w - 2 potions of magic {unknown}


   Skills:
 - Level 4.0 Fighting
 * Level 5.1 Ranged Weapons
 - Level 5.0 Armour
 - Level 1.0 Stealth
 - Level 1.0 Evocations


You had 5 spell levels left.
You didn't know any spells.
Your spell library contained the following spells:

 Spells                   Type           Power      Damage    Failure   Level
 Freeze                   Ice            0%         1d3       93%         1
 Dazzling Flash           Conj/Hex       0%         N/A       100%        3
 Frozen Ramparts          Ice            0%         1d1       100%        3
 Hailstorm                Conj/Ice       0%         3d5       100%        3
 Mephitic Cloud           Conj/Alch/Air  0%         N/A       100%        3
 Summon Ice Beast         Ice/Summ       0%         N/A       100%        3
 Curse of Agony           Necr           0%         N/A       100%        5
 Silence                  Hex/Air        0%         N/A       100%        5
 Sculpt Simulacrum        Ice/Alch       0%         N/A       100%        6


Dungeon Overview and Level Annotations

Branches:
Dungeon (4/15)
 Temple: D:4-7

Altars:
Ashenzari
Okawaru
Sif Muna
Yredelemnul

Shops:
D:3 =

Annotations:
D:3 1 runed translucent door, exclusion: door, blundermoth's ghost, amateur HOBe
D:4 3 runed translucent doors, ymhsbmbesitwf's ghost, amateur GnWn


Innate Abilities, Weirdness & Mutations

You regain HP and MP as you explore.


Message History

Your dart slug zombie bites the wyvern but does no damage.
Unknown command.
You closely miss the wyvern.
The wyvern is heavily wounded.
The wyvern bites you!
Your scorpion zombie hits the wyvern but does no damage.
Your scorpion zombie completely misses the wyvern.
Unknown command.
You hit the wyvern. You freeze the wyvern.
The wyvern is severely wounded.
The wyvern bites you!
Your scorpion zombie hits the wyvern.
Your scorpion zombie barely misses the wyvern.
The wyvern bites you but does no damage.
Your dart slug zombie bites the wyvern but does no damage.
Unknown command.
You hit the wyvern but do no damage.
The wyvern is severely wounded.
The wyvern bites you!
* * * LOW HITPOINT WARNING * * *
Your scorpion zombie hits the wyvern but does no damage.
Your scorpion zombie hits the wyvern.
The wyvern bites your scorpion zombie!
Unknown command.
You closely miss the wyvern.
The wyvern is almost dead.
Your scorpion zombie barely misses the wyvern.
Your scorpion zombie hits the wyvern but does no damage.
The wyvern bites you.
* * * LOW HITPOINT WARNING * * *
Your dart slug zombie bites the wyvern but does no damage.
Your scorpion zombie hits the wyvern but does no damage. x2
You swap places.
The wyvern bites your dart slug zombie!
Your dart slug zombie is destroyed!
Your scorpion zombie hits the wyvern.
Your scorpion zombie closely misses the wyvern.
Unknown command.
You hit the wyvern but do no damage.
The wyvern is almost dead.
The wyvern bites you!
You die...
Your body rises from the dead as a mindless zombie.

........#⌠.#K#.⌠# #.
.........#K#KKK#.#...
.........##WKKKK##.#.
......?...##+++##....
..................##.
.....................#
......Z........#####.#
......ZkZ..[.........#
................@.......#####.#
........................## #.#
.........................####.#
...........................##.#
..............................#
..............................##
...............................##
.............................#...
.#.#.###.#.#........##########.#.


You could see a wyvern (ally target), a kobold brigand, ymhsbmbesitwf's ghost, 6
kobolds, 2 friendly scorpion zombies and the friendly Ijyb the goblin zombie.

Vanquished Creatures
  2 scorpions (D:4)
  A bombardier beetle (D:3)
  A hound (D:4)
  Ijyb (D:4)
  4 adders
  3 dart slugs
  3 orcs (D:3)
  3 ball pythons
  5 endoplasms
  A giant cockroach (D:2)
  3 goblins
  5 hobgoblins
  A frilled lizard (D:1)
  A kobold (D:1)
  A rat (D:1)
35 creatures vanquished.

Vanquished Creatures (collateral kills)
  An adder (D:3)
  2 hobgoblins (D:4)
  A kobold (D:3)
4 creatures vanquished.

Vanquished Creatures (others)
  A hound zombie (D:4)
  An adder zombie (D:4)
  A dart slug zombie (D:4)
  A goblin zombie (D:3)
  2 hobgoblin zombies (D:4)
  An orc zombie (D:3)
7 creatures vanquished.

Grand Total: 46 creatures vanquished

Notes
Turn   | Place    | Note
-------+----------+-------------------------------------------
     0 | D:1      | Maffolandro the Human Wanderer began the quest for the Orb.
     0 | D:1      | Maffolandro set off with the following items: a +0 sling, a
                  | +0 chain mail, a potion of lignification, a scroll of
                  | blinking.
     0 | D:1      | Reached XP level 1. HP: 15/15 MP: 1/1
    87 | D:1      | You fall into a shaft and drop 1 floor!
   172 | D:2      | Reached XP level 2. HP: 22/22 MP: 2/2
   420 | D:1      | Reached XP level 3. HP: 22/28 MP: 3/3
   624 | D:1      | Found a faded altar of an unknown god.
   627 | D:1      | Prayed at the altar of an unknown god.
   627 | D:1      | Became a worshipper of Yredelemnul the Dark
  1459 | D:3      | Reached XP level 4. HP: 25/35 MP: 4/4
  1466 | D:3      | Identified the +5 whip "Cizxaret" {freeze, *Noise rElec
                  | rPois Int+3}
  1600 | D:3      | Found Yhueh's Jewellery Shoppe.
  1683 | D:3      | Reached * piety under Yredelemnul
  1935 | D:3      | Found a runed translucent door.
  1936 | D:3      | Noticed blundermoth's ghost (amateur HOBe)
  2078 | D:4      | Reached XP level 5. HP: 34/41 MP: 5/5
  2122 | D:4      | Found an iron altar of Okawaru.
  2126 | D:4      | Found a broken altar of Ashenzari.
  2133 | D:4      | Found a shimmering blue altar of Sif Muna.
  2320 | D:4      | Found a runed translucent gate.
  2320 | D:4      | Found a runed translucent gate.
  2320 | D:4      | Found a runed translucent gate.
  2323 | D:4      | Noticed a kobold brigand
  2324 | D:4      | Noticed ymhsbmbesitwf's ghost (amateur GnWn)
  2326 | D:4      | Noticed Ijyb
  2332 | D:4      | Killed Ijyb
  2333 | D:4      | Reached XP level 6. HP: 48/48 MP: 6/6
  2355 | D:4      | Reached skill level 5 in Ranged Weapons
  2359 | D:4      | Reached ** piety under Yredelemnul
  2374 | D:4      | Noticed a wyvern
  2386 | D:4      | Mangled by a wyvern

Illustrated notes

Levels and vault maps discovered:
D:1:      noname_arrival_rooms_in_the_neighbourhood, layout_rooms,
          shapermc_ecumenical_altar_hornbeckon, nrook_mini_backslash,
          dreamdust_wishing_well, minmay_misc_feat_iff
D:2:      layout_rooms
D:3:      layout_loops_cross, serial_shops, shop, ebering_ghost_reflecting_pool,
          st_stairs_10
D:4:      layout_basic, nicolae_overflow_macrodata_refinement,
          mainiacjoe_overflow_alcove_1, gammafunk_ghost_nasty_kobolds,
          minmay_misc_feat_roman, uniq_ijyb

Skill      XL: |  1  2  3  4  5  6 |
---------------+-------------------+-----
Fighting       | 2 3 4 |  4.0
Ranged Weapons | 3 4 5 |  5.1
Armour         | |  5.0
Stealth        | |  1.0
Evocations     | |  1.0

Action                     |  1- 3 |  4- 6 || total
---------------------------+-------+-------++-------
  Melee: Whip              |       |     7 ||     7
         Dagger            |       |     6 ||     6
   Fire: Sling             |    97 |    65 ||   162
  Evoke: Wand              |       |     2 ||     2
   Stab: Distracted        |       |     1 ||     1
 Armour: Chain mail        |    63 |    40 ||   103
  Dodge: Dodged            |    26 |    27 ||    53
